 Dungeon Crawl Stone Soup version 0.30.1-11-g7821555f0a (webtiles) character file.

Game seed: 14652146863154253933

1758 cowcol the Cleaver (level 8, -9/70 HPs)
             Began as a Minotaur Fighter on Oct 28, 2023.
             Mangled by a sixfirhy (10 damage)
             ... summoned by a kobold demonologist
             ... on level 7 of the Dungeon.
             The game lasted 00:15:53 (6700 turns).

cowcol the Cleaver (Minotaur Fighter)               Turns: 6700, Time: 00:15:53

Health: -9/70      AC:  9    Str: 24    XL:     8   Next: 79%
Magic:  7/7        EV: 10    Int:  5    God:
Gold:   208        SH:  0    Dex:  9    Spells: 7/7 levels left

rFire   . . .        z - +3 battleaxe (protect)
rCold   . . .        (shield currently unavailable)
rNeg    . . .        e - quicksilver dragon scales
rPois   .            (helmet restricted)
rElec   .            s - +0 cloak
rCorr   .            (no gloves)
SInv    .            (no boots)
Will    +....        (no amulet) Stlth
                     (no ring)
HPRegen 0.31/turn    (no ring)
MPRegen 0.10/turn

%: no passive effects
@: mighty, about to teleport, corroded
A: horns 2, retaliatory headbutt
a: no special abilities


You were on level 7 of the Dungeon.
You visited 1 branch of the dungeon, and saw 7 of its levels.

You collected 208 gold pieces.

Inventory:

Hand Weapons
 a - a +0 war axe
 k - a +2 heavy flail
 w - a +0 morningstar
 y - a +1 war axe
 z - a +3 battleaxe of protection (weapon)
Missiles
 l - 2 silver boomerangs (quivered)
 o - 5 poisoned darts
Armour
 b - a +0 scale mail
 c - a +1 buckler
 e - quicksilver dragon scales (worn)
 s - a +0 cloak (worn)
 B - a +0 plate armour
Jewellery
 q - an amulet of magic regeneration
Wands
 d - a wand of quicksilver (13)
 f - a wand of mindburst (26)
 C - a wand of polymorph (12)
Scrolls
 g - 6 scrolls of teleportation
 h - 4 scrolls of fog
 m - 3 scrolls of identify
 n - 2 scrolls of summoning
 p - 2 scrolls of amnesia
 D - a scroll of fear {unknown}
 E - a scroll of poison {unknown}
Potions
 i - a potion of invisibility {unknown}
 j - a potion of resistance {unknown}
 r - a potion of magic {unknown}
 t - 2 potions of mutation {unknown}
 u - 2 potions of brilliance
 v - a potion of lignification {unknown}
 A - a potion of curing


   Skills:
 + Level 5.9 Fighting
 * Level 10.9 Axes
 - Level 1.0 Throwing
 * Level 7.7 Armour
 - Level 3.6 Shields


You had 7 spell levels left.
You didn't know any spells.
Your spell library contained the following spells:

 Spells                   Type           Power      Damage    Failure   Level
 Sting                    Tmut/Pois      0%         1d3       61%         1
 Summon Small Mammal      Summ           0%         N/A       61%         1
 Poisonous Vapours        Pois/Air       0%         N/A       75%         2
 Call Canine Familiar     Summ           0%         N/A       93%         3
 Summon Guardian Golem    Hex/Summ       0%         N/A       93%         3
 Olgreb's Toxic Radiance  Pois           0%         N/A       100%        4


Dungeon Overview and Level Annotations

Branches:
Dungeon (7/15)
 Temple: D:4-7

Altars:
Kikubaaqudgha
Uskayaw

Annotations:
D:5 2 transporters, lonewolfV2's ghost, novice DsFi


Innate Abilities, Weirdness & Mutations

You have a pair of horns on your head.
You reflexively headbutt those who attack you in melee.


Message History

The wight hits you from afar with a +3 halberd.
You feel drained.
The kobold demonologist mumbles some strange words.
The wight closely misses you.
Your life force feels restored.
You barely miss the rust devil. You headbutt the rust devil!
The rust devil is moderately wounded.
The wight barely misses you.
The rust devil splashes around in the water.
You hit the rust devil.
The rust devil is moderately wounded.
The kobold demonologist casts a spell.
The rust devil hits you. The rust devil corrodes you!
You slice the rust devil!!
The rust devil is almost dead.
The white imp disappears in a puff of smoke!
The sixfirhy closely misses you. The sixfirhy barely misses you.
You furiously retaliate!
You headbutt the sixfirhy! The sixfirhy hits you. The sixfirhy shocks you!
You miss the sixfirhy.
The sixfirhy is heavily wounded.
The sixfirhy hits you!
* * * LOW HITPOINT WARNING * * *
The sixfirhy shocks you!
* * * LOW HITPOINT WARNING * * *
The sixfirhy splashes around in the water.
The sixfirhy closely misses you. You furiously retaliate!
You headbutt the sixfirhy. The sixfirhy barely misses you.
You furiously retaliate!
You headbutt the sixfirhy! The sixfirhy barely misses you.
The sixfirhy hits you but does no damage.
The sixfirhy closely misses you.
As you read the scroll of teleportation, it crumbles to dust.
You feel strangely unstable. The sixfirhy attacks as you move away!
The sixfirhy hits you but does no damage.
The sixfirhy closely misses you. The sixfirhy hits you!
* * * LOW HITPOINT WARNING * * *
The sixfirhy shocks you!
You die...

# # ##########
# #........# #
#.######.#
#########.####
#.#
#............#
#.#
..#######.##.#
#.# ..#
#.##.###.# .##
#......#@# ##
##.....3.# # .
###.#.### # ..
##..# # ...
##4# ..o. #.#
z.#z. #K#
?.#[..#)#
#####.z5#


You could see a sixfirhy (summoned).

Vanquished Creatures
  A sky beast (D:7)
  A centaur (D:7)
  A phantom (D:6)
  A kobold brigand (D:7)
  2 bullfrogs
  2 scorpions
  10 wights
  3 jellies (D:6)
  3 gnoll boudas
  A hound (D:6)
  2 orc priests (D:6)
  An orc wizard (D:3)
  3 iguanas
  16 gnolls
  6 adders
  2 white imps
  2 worms
  3 dart slugs (D:2)
  11 orcs
  6 bats
  7 endoplasms
  5 giant cockroaches
  3 goblins
  6 hobgoblins
  4 jackals (D:1)
  3 quokkas
  4 ball pythons
  2 frilled lizards (D:2)
  9 kobolds
  2 rats
122 creatures vanquished.

Notes
Turn   | Place    | Note
-------+----------+-------------------------------------------
     0 | D:1      | cowcol the Minotaur Fighter began the quest for the Orb.
     0 | D:1      | Reached XP level 1. HP: 19/19 MP: 0/0
   192 | D:1      | Reached XP level 2. HP: 27/27 MP: 1/1
   791 | D:2      | Reached skill level 3 in Axes
   852 | D:2      | Reached XP level 3. HP: 30/33 MP: 2/2
  1658 | D:3      | Found an ancient bone altar of Kikubaaqudgha.
  1732 | D:3      | Reached skill level 4 in Axes
  1732 | D:3      | Reached XP level 4. HP: 33/41 MP: 3/3
  2267 | D:3      | Reached skill level 5 in Axes
  2595 | D:4      | Reached XP level 5. HP: 25/47 MP: 4/4
  3603 | D:5      | Entered Level 5 of the Dungeon
  3607 | D:5      | Reached skill level 6 in Axes
  3607 | D:5      | Reached XP level 6. HP: 53/53 MP: 5/5
  3617 | D:5      | Found a hide-covered altar of Uskayaw.
  3661 | D:4      | Reached skill level 5 in Armour
  4171 | D:5      | Found a transporter.
  4171 | D:5      | Found a transporter.
  4171 | D:5      | Noticed lonewolfV2's ghost (novice DsFi)
  4186 | D:5      | Noticed a hornet
  4676 | D:6      | Reached skill level 7 in Axes
  5019 | D:6      | Reached XP level 7. HP: 60/60 MP: 6/6
  5024 | D:6      | Reached skill level 5 in Fighting
  5512 | D:6      | Reached skill level 8 in Axes
  5512 | D:6      | Reached skill level 1 in Throwing
  5621 | D:6      | Reached skill level 9 in Axes
  5622 | D:6      | Reached XP level 8. HP: 27/68 MP: 7/7
  6571 | D:7      | Reached skill level 10 in Axes
  6670 | D:7      | Noticed a kobold demonologist
  6677 | D:7      | Noticed an ice devil
  6690 | D:7      | Noticed a rust devil
  6690 | D:7      | Noticed a hellwing
  6692 | D:7      | Noticed a sixfirhy
  6700 | D:7      | HP: 1/70 [sixfirhy[a kobold demonologist] (9)]
  6700 | D:7      | Mangled by a sixfirhy

Illustrated notes

Levels and vault maps discovered:
D:1:      kilobyte_arrival_exit_the_forest, layout_rooms
D:2:      minmay_skewed_foursquare, layout_loops_ring,
          chequers_serial_rivers_small_b
D:3:      layout_basic, lemuel_round_altar
D:4:      layout_layer_cave
D:5:      layout_rooms, nicolae_uskayaw_dance_hall, gammafunk_ghost_hive
D:6:      layout_cave_pods, columned_hall_lemuel,
          amcnicky_mini_rare_corridor_liquid
D:7:      layout_loops_corners, minmay_temple_entry_wispy, enter_bailey_2,
          grunt_potential

Skill      XL: |  1  2  3  4  5  6  7  8 |
---------------+-------------------------+-----
Armour         | 4 5 6 7 |  7.7
Fighting       | 4 5 |  5.9
Axes           | 3 4 5 6 7 9 10 | 10.9
Throwing       | 1 |  1.0
Shields        | |  3.6

Action                     |  1- 3 |  4- 6 |  7- 9 || total
---------------------------+-------+-------+-------++-------
  Melee: War axe           |    89 |   111 |    44 ||   244
         Headbutt          |    10 |    19 |    16 ||    45
         Battleaxe         |       |       |    43 ||    43
  Throw: Boomerang         |       |    15 |     6 ||    21
    Use: Scroll            |     5 |     3 |     7 ||    15
         Potion            |       |     4 |     5 ||     9
 Armour: Scale mail        |     5 |       |       ||     5
         Quicksilver drago |    42 |    55 |    46 ||   143
  Dodge: Dodged            |    44 |    58 |    47 ||   149
  Block: Buckler           |    21 |    40 |    12 ||    73
